 Dungeon Crawl Stone Soup version 0.30-a0-870-gc5d4c5acee (webtiles) character file.

Game seed: 6153427050801450177

189 cforsyth the Covered (level 5, 0/43 HPs)
             Began as a Barachi Fighter on Mar 12, 2023.
             Slain by an orc priest
             ... wielding a +0 falchion
              (1 damage)
             ... on level 3 of the Dungeon.
             The game lasted 00:03:08 (1900 turns).

cforsyth the Covered (Barachi Fighter)              Turns: 1900, Time: 00:03:09

Health: 0/43       AC:  7    Str: 19    XL:     5   Next: 68%
Magic:  5/5        EV:  9    Int:  9    God:
Gold:   134        SH:  5    Dex: 11    Spells: 4/4 levels left

rFire   . . .      SeeInvis .    a - +0 war axe
rCold   . . .      Faith    .    c - +0 buckler
rNeg    . . .      Spirit   .    b - +0 scale mail
rPois   .          Reflect  .    (no helmet)
rElec   .          Rampage  .    (no cloak)
rCorr   .                        (no gloves)
Will    .....                    (no boots) Stlth
                                 (no amulet)
HPRegen 0.27/turn                (no ring)
MPRegen 0.09/turn                (no ring)

@: lethally poisoned (0 -> -11), slow
A: amphibious, slowness 1, strong legs 1, +LOS
a: Hop


You were on level 3 of the Dungeon.
You visited 1 branch of the dungeon, and saw 3 of its levels.

You collected 134 gold pieces.

Inventory:

Hand Weapons
 a - a +0 war axe (weapon)
Armour
 b - a +0 scale mail (worn)
 c - a +0 buckler (worn)
Wands
 m - a wand of roots (1)
Scrolls
 e - 3 scrolls of identify {unknown}
 j - 3 scrolls of teleportation {unknown}
 k - a scroll of summoning {unknown}
 l - a scroll of noise {unknown}
 n - a scroll of enchant armour {unknown}
 o - 3 scrolls of torment {unknown}
Potions
 d - a potion of might
 f - 3 potions of mutation {unknown}
 g - a potion of flight {unknown}
 h - 2 potions of curing {unknown}
 i - a potion of brilliance {unknown}
 p - a potion of cancellation {unknown}


   Skills:
 + Level 4.8 Fighting
 + Level 3.6 Axes
 + Level 4.8 Armour
 + Level 4.4 Shields


You had 4 spell levels left.
You didn't know any spells.
Your spell library contained the following spells:

 Spells                   Type           Power      Damage    Failure   Level
 Beastly Appendage        Tmut           0%         N/A       83%         1
 Cigotuvi's Dreadful Rot  Necr/Pois/Air  0%         N/A       92%         2
 Poisonous Vapours        Pois/Air       0%         N/A       92%         2
 Sublimation of Blood     Necr           0%         N/A       92%         2
 Wereblood                Tmut           0%         N/A       92%         2
 Mephitic Cloud           Conj/Pois/Air  0%         N/A       99%         3
 Spider Form              Tmut/Pois      0%         N/A       99%         3
 Petrify                  Tmut/Erth      0%         N/A       100%        4
 Irradiate                Conj/Tmut      0%         3d11      100%        5


Dungeon Overview and Level Annotations

Branches:
Dungeon (3/15)

Altars:

Annotations:
D:3 Terence


Innate Abilities, Weirdness & Mutations

You are amphibious.
You cover ground slowly.
You can hop short distances.
You have an extended range of vision and can be seen from far away.


Message History

You closely miss the orc priest.
The orc priest is lightly wounded.
You hit the adder. You hit the orc.
You kill the orc!
You hit the orc priest.
You feel sick. The bat hits you but does no damage. x2
The adder closely misses you.
The orc priest begins to cast a cantrip, but forgets the words!
The adder bites you but does no damage.
You barely miss the orc priest.
The orc priest is lightly wounded.
You hit the orc priest. You closely miss the orc priest.
You barely miss the bat. You hit the adder.
You feel sick. The bat completely misses you.
The orc priest hits you but does no damage. x3
The adder barely misses you. The orc priest hits you with a +0 whip.
The orc priest mumbles some strange prayers to Beogh against you.
Beogh smites you! The orc priest closely misses you.
You barely miss the orc priest.
The orc priest is lightly wounded.
You barely miss the orc priest. You hit the orc priest.
You closely miss the adder.
You feel sick. The bat hits you but does no damage. The adder misses you.
The orc priest hits you with a +0 whip.
* * * LOW HITPOINT WARNING * * *
The orc priest hits you but does no damage.
The orc priest looks encouraged for a moment.
The adder bites you.
* * * LOW HITPOINT WARNING * * *
You are more poisoned.
The adder poisons you!
You closely miss the orc priest.
The orc priest is severely wounded.
You hit the orc priest. You miss the adder. You hit the orc priest.
You feel sick. You block the bat's attack. The adder bites you.
* * * LOW HITPOINT WARNING * * *
You are more poisoned.
The adder poisons you! The orc priest closely misses you.
The orc priest hits you with a +0 whip.
* * * LOW HITPOINT WARNING * * *
The orc priest hits you with a +0 falchion.
You die...

..##...........# ..
..##...........## #.. #
.###............... .
#.##.................
#.....................
#$.#..................
#.....#.†.............
#.......##............###
#.##.....#.o@.......... #
.....#.##ooSb........
#..##.) .#..@.....#.#.
... #.. ............. ..
..............#.# #.#
..#..#............ ...
..............#.# #.#
....#............. ...
........#.....#.#.# #g# #


You could see Terence, 3 orc priests, an adder and a bat.

Vanquished Creatures
  Jessica (D:3)
  4 gnolls (D:2)
  4 adders
  3 worms (D:2)
  6 orcs (D:3)
  7 ball pythons
  3 bats
  5 endoplasms
  7 giant cockroaches
  6 goblins
  8 hobgoblins
  2 jackals (D:2)
  3 quokkas
  2 frilled lizards (D:1)
  2 kobolds (D:2)
  7 rats
70 creatures vanquished.

Notes
Turn   | Place    | Note
-------+----------+-------------------------------------------
     0 | D:1      | cforsyth the Barachi Fighter began the quest for the Orb.
     0 | D:1      | Reached XP level 1. HP: 18/18 MP: 1/1
    79 | D:1      | Reached XP level 2. HP: 23/25 MP: 2/2
   140 | D:1      | Found a faded altar of an unknown god.
   263 | D:1      | Reached XP level 3. HP: 30/30 MP: 3/3
   617 | D:2      | Reached XP level 4. HP: 37/37 MP: 4/4
   985 | D:2      | Reached XP level 5. HP: 38/43 MP: 5/5
  1158 | D:3      | Noticed Jessica
  1653 | D:2      | HP: 1/43 [jackal (2)]
  1851 | D:3      | Killed Jessica
  1893 | D:3      | Noticed Terence
  1900 | D:3      | HP: 1/43 [orc priest/+0 whip (3)]
  1900 | D:3      | Slain by an orc priest

Illustrated notes

Levels and vault maps discovered:
D:1:      dpeg_arrival_court, layout_rooms, shapermc_ecumenical_altar_venn,
          minmay_worlds_worst_comb
D:2:      layout_rooms, hex_large
D:3:      layout_rooms, st_stairs_11, minmay_goblin_kobold_house, uniq_terence,
          uniq_ijyb, uniq_jessica

Skill      XL: |  1  2  3  4 |
---------------+-------------+-----
Fighting       | 4 |  4.8
Armour         | 4 |  4.8
Axes           | 3 |  3.6
Shields        | 4 |  4.4

Action                     |  1- 3 |  4- 6 || total
---------------------------+-------+-------++-------
  Melee: War axe           |    98 |   126 ||   224
 Armour: Scale mail        |    46 |    80 ||   126
  Dodge: Dodged            |    32 |    61 ||    93
  Block: Buckler           |    23 |    34 ||    57

Table legend: (Time is in decaauts)
 A = Elapsed time spent in this place.
 B = Non-inter-level travel time spent in this place.
 C = Inter-level travel time spent in this place.
 D = Time resting spent in this place.
 E = Time spent auto-exploring this place.
 F = Levels seen in this place.
 G = Mean time per level.
                   A        B        C        D        E       F      G
               +--------+--------+--------+--------+--------+-----+--------+
         Total |   2145 |   2098 |     47 |    532 |   1000 |   3 |  715.0 |
       Dungeon |   2145 |   2098 |     47 |    532 |   1000 |   3 |  715.0 |
               +--------+--------+--------+--------+--------+-----+--------+

Top non-repeatable levels by time:
     D:2: 1176 daAuts
     D:1: 747 daAuts
     D:3: 222 daAuts
